 Dungeon Crawl Stone Soup version 0.29.0-4-gdea44cf6ec (webtiles) character file.

Game seed: 2290888339014016017

94 qw the Chopper (level 4, -1/26 HPs)
             Began as a Tengu Warper on Aug 28, 2022.
             Slain by an orc wizard
             ... wielding a +0 dagger
              (2 damage)
             ... on level 3 of the Dungeon.
             The game lasted 00:00:15 (2897 turns).

qw the Chopper (Tengu Warper)                       Turns: 2897, Time: 00:00:16

Health: -1/26      AC:  8    Str: 14    XL:     4   Next: 63%
Magic:  8/8        EV:  6    Int: 13    God:
Gold:   67         SH:  0    Dex: 13    Spells: 7/7 levels left

rFire   . . .      SeeInvis .   Y - +0 hand axe
rCold   . . .      Faith    .   (no shield)
rNeg    . . .      Spirit   .   g - +0 chain mail
rPois   .          Reflect  .   (helmet restricted)
rElec   .          Harm     .   (no cloak)
rCorr   .          Rampage  .   (no gloves)
Will    .....                   (boots unavailable)
Stlth   ..........              f - amulet of the acrobat
HPRegen 0.08/turn               (no ring)
MPRegen 0.11/turn               (no ring)

@: no status effects
A: beak, talons 3
a: no special abilities


You were on level 3 of the Dungeon.
You visited 1 branch of the dungeon, and saw 3 of its levels.

You collected 67 gold pieces.


Innate Abilities, Weirdness & Mutations

You have a beak for a mouth.
You have claws for feet.


   Skills:
 - Level 2.0 Fighting
 + Level 5.2 Axes
 - Level 1.0 Throwing
 - Level 1.1 Armour
 - Level 2.1 Dodging
 - Level 2.0 Spellcasting
 - Level 2.4 Translocations


You had 7 spell levels left.
You didn't know any spells.
Your spell library contained the following spells:

 Spells                   Type           Power      Damage    Failure   Level
 Blink                    Tloc           14%        N/A       99%         2
 Gell's Gravitas          Tloc           7%         N/A       100%        3
 Lesser Beckoning         Tloc           7%         N/A       100%        3
 Teleport Other           Tloc           7%         N/A       100%        3
 Manifold Assault         Tloc           7%         N/A       100%        5

Inventory:

Hand Weapons
 c - a +0 flail
 Y - a +0 hand axe (weapon)
Missiles
 m - 5 boomerangs (quivered)
Armour
 g - a +0 chain mail (worn)
Jewellery
 f - an amulet of the acrobat (around neck)
Potions
 b - a potion of experience {unknown}
 d - a potion of flight {unknown}
 e - a potion of magic {unknown}
 h - a potion of berserk rage {unknown}
 l - a potion of lignification {unknown}

Dungeon Overview and Level Annotations

Branches:
Dungeon (3/15)

Altars:

Shops:
D:3 =


Message History

You hit the quokka. Your kick misses the quokka.
The quokka is moderately wounded.
You closely miss something. The quokka barely misses you.
Something hits you but does no damage. The orc hits you but does no damage.
The quokka barely misses you.
You hit the quokka.
You kill the quokka!
You barely miss something. The orc hits you but does no damage.
Something hits you.
2889 ||| DRINKING potion of heal wounds.
You feel much better.
The orc hits you from afar with a +0 trident.
You hear some strange, mumbled words.
You are confused.
You bump into the rock wall.
The orc hits you but does no damage.
You hear some strange, mumbled words.
A magic dart appears from out of thin air!
The magic dart hits you but does no damage.
You closely miss something. Your kick misses something.
The orc hits you from afar with a +0 trident.
You hear some strange, mumbled words.
A magic dart appears from out of thin air!
The magic dart hits you. The orc completely misses you.
Something closely misses you.
Items here: %% ) [.
The orc misses you. The orc completely misses you.
You feel less confused. The orc hits you with a +0 trident!
Something barely misses you.
You closely miss the orc. Your kick misses the orc. You peck the orc.
The orc is almost dead.
You miss something.
A hobgoblin comes into view.
The orc hits you with a +0 trident. Something hits you but does no damage.
You hit the orc.
You kill the orc!
You hit something. Something hits you.
You die...

###)#####....#
.##).##...............#.#
.###.....# .........#.#
.#[....<.# #........g..
..)#)....# #........#.#
...#....## #...........
...##......# #........##
.#..#....### #.).......
###.#......# ###@).#.#
...........###..{#.#.##
###............###))..####
....#....##.##............
..........................
#####......#..###.###....#
...........##.....###.....
.####....#######........#.
## #..###...........####


You could see a hobgoblin.

Vanquished Creatures
  3 adders
  2 dart slugs (D:1)
  8 orcs (D:3)
  4 endoplasms (D:2)
  2 giant cockroaches
  4 goblins
  5 hobgoblins
  3 jackals (D:2)
  A kobold (D:1)
  4 quokkas
  4 ball pythons
  2 bats
  4 frilled lizards
  8 rats
54 creatures vanquished.

Notes
Turn   | Place    | Note
-------+----------+-------------------------------------------
     0 | D:1      | qw the Tengu Warper began the quest for the Orb.
     0 | D:1      | Reached XP level 1. HP: 12/12 MP: 4/4
     0 | D:1      | 0 ||| qw: Version: 0.1-a-89-g26bdef1
     0 | D:1      | 0 ||| qw: Game counter: 682
     0 | D:1      | 0 ||| qw: Always use a shield: true
     0 | D:1      | 0 ||| qw: God list: Okawaru
     0 | D:1      | 0 ||| qw: Allow faded altars: false
     0 | D:1      | 0 ||| qw: Do Orc after D:15 true
     0 | D:1      | 0 ||| qw: Do second Lair branch before Depths: true
     0 | D:1      | 0 ||| qw: Lair rune preference: random
     0 | D:1      | 0 ||| qw: Plans: Normal
     0 | D:1      | 0 ||| PLANNING D:1-11
    75 | D:1      | 75 ||| Stepping ~*~*~tactically~*~*~ (hiding).
    98 | D:1      | 98 ||| Stepping ~*~*~tactically~*~*~ (stealth).
    99 | D:1      | 99 ||| Stepping ~*~*~tactically~*~*~ (stealth).
   106 | D:1      | Reached XP level 2. HP: 13/17 MP: 6/6
   191 | D:1      | Reached skill level 3 in Axes
   652 | D:1      | 652 ||| DROPPING +0 club.
   721 | D:1      | 721 ||| Stepping ~*~*~tactically~*~*~ (stealth).
   746 | D:1      | 746 ||| Stepping ~*~*~tactically~*~*~ (stealth).
   747 | D:1      | 747 ||| Stepping ~*~*~tactically~*~*~ (stealth).
   757 | D:1      | 757 ||| Stepping ~*~*~tactically~*~*~ (stealth).
   826 | D:1      | Reached XP level 3. HP: 21/21 MP: 7/7
   957 | D:1      | 957 ||| UPGRADING to +0 scale mail.
   967 | D:1      | 967 ||| DROPPING +0 leather armour.
   968 | D:1      | 968 ||| UPGRADING to amulet of the acrobat.
   973 | D:1      | 973 ||| READING scroll labelled REWYCA USTRAYRECA.
   974 | D:1      | 974 ||| DRINKING 2 lumpy amethyst potions.
   975 | D:1      | 975 ||| DROPPING scroll of blinking.
   976 | D:1      | 976 ||| DROPPING potion of brilliance.
  1023 | D:2      | Reached skill level 4 in Axes
  1054 | D:2      | 1054 ||| Stepping ~*~*~tactically~*~*~ (stealth).
  1062 | D:2      | 1062 ||| Stepping ~*~*~tactically~*~*~ (stealth).
  1123 | D:2      | HP: 5/21 [poisoned by an adder]
  1472 | D:2      | 1472 ||| DROPPING +0 whip.
  1653 | D:2      | Found a faded altar of an unknown god.
  1872 | D:2      | Reached XP level 4. HP: 24/26 MP: 8/8
  2140 | D:2      | 2140 ||| READING scroll labelled HYVVUES OTAONU.
  2287 | D:2      | 2287 ||| READING scroll labelled KUQUAC OTEJ.
  2288 | D:2      | 2288 ||| DRINKING 2 blue potions.
  2326 | D:3      | 2326 ||| STAIRDANCE
  2411 | D:3      | HP: 6/26 [poisoned by an adder]
  2663 | D:3      | Found Jater's Jewellery Shop.
  2683 | D:3      | Reached skill level 5 in Axes
  2683 | D:3      | 2683 ||| FLEEEEING.
  2684 | D:3      | 2684 ||| FLEEEEING.
  2685 | D:3      | 2685 ||| FLEEEEING.
  2686 | D:3      | 2686 ||| FLEEEEING.
  2687 | D:3      | 2687 ||| STAIRDANCE
  2783 | D:2      | 2783 ||| UPGRADING to +0 chain mail.
  2793 | D:2      | 2793 ||| DROPPING +0 scale mail.
  2794 | D:2      | 2794 ||| DRINKING 2 sapphire potions.
  2830 | D:3      | 2830 ||| SHOPLISTING +6 ring of strength (360 gold, have
                  | 58).
  2830 | D:3      | 2830 ||| SHOPLISTING amulet of guardian spirit (300 gold,
                  | have 58).
  2830 | D:3      | 2830 ||| SHOPLISTING amulet of reflection (300 gold, have
                  | 58).
  2830 | D:3      | 2830 ||| SHOPLISTING ring of ice (250 gold, have 58).
  2866 | D:3      | 2866 ||| Stepping ~*~*~tactically~*~*~ (stealth).
  2878 | D:3      | 2878 ||| DRINKING potion of curing.
  2878 | D:3      | 2878 ||| (to cure confusion)
  2888 | D:3      | HP: 6/26 [something (2)]
  2889 | D:3      | 2889 ||| DRINKING potion of heal wounds.
  2896 | D:3      | HP: 1/26 [orc/+0 trident (6)]
  2897 | D:3      | Slain by an orc wizard

Levels and vault maps discovered:
D:1:      sevenhm_arrival_forest_fort_small_3, layout_loops_ring,
          minmay_hedge_maze, wad_floor_pattern_untrapped
D:2:      layout_loops_cross, hellmonk_ecumenical_altar_heavens_door
D:3:      layout_rooms, mainiacjoe_overflow_alcove_2, serial_shops,
          nicolae_shop_advertising_works [nicolae_subvault_shop_adworks],
          minmay_surrounded

Skill      XL: |  1  2  3  4 |
---------------+-------------+-----
Axes           | 3 4 5 |  5.2
Fighting       | |  2.0
Throwing       | |  1.0
Armour         | |  1.1
Dodging        | |  2.1
Spellcasting   | |  2.0
Translocations | |  2.4

Action                   |  1- 3 |  4- 6 || total
-------------------------+-------+-------++-------
Melee: Hand axe          |    66 |    57 ||   123
       Peck              |    12 |    11 ||    23
       Kick              |    10 |    12 ||    22
       Punch             |       |     1 ||     1
Throw: Boomerang         |    13 |    13 ||    26
  Use: Potion            |     1 |     4 ||     5
       Scroll            |     1 |     2 ||     3
Armor: Leather armour    |     6 |       ||     6
       Scale mail        |    11 |    14 ||    25
       Chain mail        |       |    36 ||    36
Dodge: Dodged            |    21 |    35 ||    56

Table legend:
 A = Non-vault XP
 B = Vault XP
 C = Vault XP percentage of total XP
 D = Non-vault monster count
 E = Vault monster count
 F = Vault count percentage of total count
                 A         B        C        D         E       F
            +---------+---------+-------+---------+---------+-------
      Total |     132 |       6 |   4.3 |      51 |       3 |   5.6
            +---------+---------+-------+---------+---------+-------
        D:1 |      35 |       0 |   0.0 |      20 |       0 |   0.0
        D:2 |      51 |       0 |   0.0 |      16 |       0 |   0.0
        D:3 |      46 |       6 |  11.5 |      15 |       3 |  16.7
            +---------+---------+-------+---------+---------+-------
